AoeStats
← |GaoeG| flamingo

Arabia

509959950Analyzed
2v2 RM · 2d ago on Sep 28, 2026· 54m 33s· 4 players
Game mode
Random Map
Map size
Medium (4 player)
Population
200
Speed
Normal
Resources
Standard
Victory
Conquest
Starting age
Dark Age
Ending age
Imperial Age
RankedLock teamsTeams togetherTeam positionsShared explorationLock speedFull tech treeHidden civsTurbo modeCheats
Victory
Defeat
🇦🇷 Magyars · Argentina
1432
+13
🇺🇸 Britons · United States
1398
+15
🇪🇸 Spanish · Spain
1429
-16
🇪🇸 Vietnamese · Spain
1318
-12
|GaoeG| flamingo
7:13 Loom
9:34 Feudal Age
10:49 Double-Bit Axe
15:47 Town Watch
17:52 Fletching
19:54 Padded Archer Armor
23:56 Wheelbarrow
27:07 Castle Age
25:33 Horse Collar
25:46 Gold Mining
27:03 Bloodlines
27:09 Crossbowman
28:08 Bow Saw
28:22 Bodkin Arrow
33:52 Husbandry
40:55 Heavy Plow
42:22 Ballistics
44:32 Thumb Ring
50:54 Imperial Age
50:18 Hand Cart
51:41 Bracer
53:36 Chemistry
54:52 Leather Archer Armor
JITANOmaleant7
7:13 Loom
9:54 Feudal Age
10:52 Double-Bit Axe
22:49 Castle Age
21:42 Gold Mining
21:40 Horse Collar
22:54 Bloodlines
23:57 Wheelbarrow
24:06 Scale Barding Armor
28:02 Chain Barding Armor
28:23 Bow Saw
29:42 Forging
31:16 Iron Casting
33:14 Husbandry
43:02 Imperial Age
44:24 Plate Barding Armor
43:11 Cavalier
49:47 Fletching
49:57 Padded Archer Armor
50:05 Elite Skirmisher
52:20 Blast Furnace
50:42 Light Cavalry
53:39 Bodkin Arrow
54:18 Scale Mail Armor
54:24 Bracer
54:40 Leather Archer Armor
RedMess
7:24 Loom
9:40 Feudal Age
10:26 Double-Bit Axe
13:02 Fletching
13:45 Horse Collar
15:47 Town Watch
17:24 Padded Archer Armor
19:46 Wheelbarrow
23:11 Castle Age
22:35 Gold Mining
23:14 Crossbowman
23:51 Bodkin Arrow
24:45 Bow Saw
24:57 Leather Archer Armor
25:08 Hand Cart
25:46 Ballistics
29:04 Gold Shaft Mining
28:32 Stone Mining
29:23 Town Patrol
40:12 Imperial Age
39:11 Yeomen
38:34 Treadmill Crane
40:54 Bracer
41:56 Chemistry
40:19 Arbalester
41:31 Ring Archer Armor
41:14 Masonry
42:12 Two-Man Saw
41:13 Heavy Plow
42:09 Conscription
41:49 Warwolf
41:23 Cranequins
43:18 Siege Engineers
52:50 Scale Barding Armor
54:09 Chain Barding Armor
53:11 Light Cavalry
53:51 Husbandry
54:34 Forging
AkiLLes
6:35 Loom
9:13 Feudal Age
9:50 Double-Bit Axe
14:01 Fletching
24:50 Castle Age
23:27 Scale Barding Armor
24:17 Bloodlines
24:32 Horse Collar
25:51 Husbandry
26:12 Chain Barding Armor
28:54 Town Watch
37:06 Wheelbarrow
42:12 Imperial Age
42:34 Cavalier
44:49 Plate Barding Armor
47:29 Conscription
50:04 Paladin
51:35 Heavy Plow
51:46 Bow Saw
Connection lost

Rejoining the realm…

Still unreachable

The connection could not be restored.

Session expired

The server has moved on; the page needs a fresh start.